 Dungeon Crawl Stone Soup version 0.27.1-34-g3ba077fa99 (webtiles) character file.

Game seed: 13613749713204471470

2004 comborobin the Covert (level 9, 0/61 (67) HPs)
             Began as a Vampire Delver on Jan 8, 2022.
             Was a Believer of Cheibriados.
             Slain by a wight (10 damage)
             ... on level 7 of the Dungeon.
             The game lasted 00:07:43 (7303 turns).

comborobin the Covert (Vampire Delver)              Turns: 7303, Time: 00:07:43

HP:   0/61 (67)     AC:  5    Str: 26    XL:     9   Next: 2%
MP:   10/10         EV: 15    Int: 19    God:    Cheibriados [**....]
Gold: 236           SH:  0    Dex: 21    Spells: 8/8 levels left

rFire    . . .     SeeInvis +   a - +8 mace of Defiance {drain, rC+ Str+6}
rCold    + . .     Faith    .   (no shield)
rNeg     . . .     Spirit   .   s - +0 leather armour
rPois    .         Reflect  .   (no helmet)
rElec    .         Harm     .   d - +0 cloak
rCorr    .         Rampage  .   (no gloves)
Will     +....     Rnd*Tele +   (no boots)
Stlth    ++++......             (no amulet)
HPRegen  0.40/turn              (no ring)
MPRegen  0.12/turn              (no ring)

@: about to teleport, flying, healing quickly, drained, very slow
A: alive, fangs 3, see invisible, vampiric 2, strong-willed 1, shaggy fur 1,
teleportitis 1
a: Exsanguinate, Renounce Religion, Bend Time


You were on level 7 of the Dungeon.
You worshipped Cheibriados.
Cheibriados was pleased with you.
You visited 2 branches of the dungeon, and saw 8 of its levels.

You collected 236 gold pieces.

Inventory:

Hand Weapons
 a - the +8 mace of Defiance (weapon) {drain, rC+ Str+6}
   (You found it on level 5 of the Dungeon)

   A truly terrible weapon, it drains the life of any living foe it strikes.
   Str:       It affects your strength (+6).
   rC:        It protects you from cold.
 b - a +2 whip of electrocution
 k - a +2 dagger of venom
Missiles
 m - 91 poisoned darts (quivered)
 x - a throwing net
Armour
 d - a +0 cloak (worn)
 s - a +0 leather armour (worn)
Magical Staves
 j - a staff of death
 p - a staff of air
Jewellery
 l - an amulet of magic regeneration
 n - a ring of willpower
Wands
 f - a wand of charming (6)
 g - a wand of digging (7)
Scrolls
 c - a scroll of fog
 e - a scroll of fear
 h - 4 scrolls of identify
 v - a scroll of vulnerability {unknown}
 w - 3 scrolls of magic mapping
Potions
 r - 2 potions of curing
 z - a potion of mutation


   Skills:
 + Level 4.8 Fighting
 - Level 4.6 Short Blades
 * Level 6.5 Maces & Flails
 * Level 5.4 Dodging
 - Level 9.6 Stealth
 * Level 1.4 Invocations


You had 8 spell levels left.
You didn't know any spells.
Your spell library contained the following spells:

 Spells                   Type           Power      Damage    Failure   Level
 Summon Small Mammal      Summ           0%         N/A       24%         1
 Call Canine Familiar     Summ           0%         N/A       56%         3
 Gell's Gravitas          Tloc           0%         N/A       56%         3
 Lesser Beckoning         Tloc           0%         N/A       56%         3
 Summon Guardian Golem    Hex/Summ       0%         N/A       56%         3
 Teleport Other           Tloc           0%         N/A       56%         3


Dungeon Overview and Level Annotations

Branches:
Dungeon (7/15)             Temple (1/1) D:4

Altars:
Ashenzari
Cheibriados
Dithmenos
Elyvilon
Fedhas
Gozag
Hepliaklqana
Kikubaaqudgha
Makhleb
Nemelex Xobeh
Okawaru
Qazlal
Ru
Sif Muna
Trog
Uskayaw
Vehumet
Wu Jian
Xom
Yredelemnul
Zin
The Shining One

Shops:
D:6 (

Portals:
Abyss: D:4

Annotations:
D:4 2 transporters, unlimited1921's ghost, novice DjFE
D:6 1 runed translucent door, dnasty's ghost, novice HOFi


Innate Abilities, Weirdness & Mutations

Your natural rate of healing is accelerated.
You have razor-sharp teeth.
You have supernaturally acute eyesight. (SInv)
You are afflicted with vampirism and can become a bat while bloodless.
You are strong-willed. (Will+)
You are covered in fur. (AC +1)
You are occasionally teleported next to monsters.


Message History

You hit the wight. Your bite misses the wight.
The wight is severely damaged.
The wight hits you with a +0 spear. The wight hits you with a +4 halberd!
You sock the wight!
You destroy the wight!
Cheibriados thoroughly appreciates the change of pace.
The wight misses you.
Unknown command.
You sock the wight!
The wight is severely damaged.
The wight hits you with a +0 spear!
You feel drained.
It was a potion of magic.
Magic courses through your body. The wight hits you with a +0 spear!
The wight closely misses you.
Okay, then.
You closely miss the wight.
The wight is heavily damaged.
The wight completely misses you. The wight hits you with a +0 battleaxe!
* * * LOW HITPOINT WARNING * * *
Unknown command.
You barely miss the wight.
The wight is heavily damaged.
The wight hits you with a +0 spear.
* * * LOW HITPOINT WARNING * * *
You feel drained. The wight barely misses you.
Unknown command.
It was a potion of mutation.
You feel extremely strange.
You feel strong-willed.
You feel weirdly uncertain. Fur sprouts all over your body.
The wight completely misses you. The wight hits you with a +0 battleaxe.
* * * LOW HITPOINT WARNING * * *
It was a potion of flight.
You feel very buoyant.
You fly up into the air.
The wight barely misses you. The wight hits you with a +0 battleaxe.
* * * LOW HITPOINT WARNING * * *
You feel drained.
As you read the scroll of teleportation, it crumbles to dust.
You feel strangely unstable. The wight barely misses you.
The wight hits you with a +0 battleaxe!
You die...

### #.# #..........# #.#
######...######## #.#
#.............# #.#
#.####...####.# #.# #. ##.## #.#
#.# ##.#####.#####.##### #.#
#...........##.##... #.#
#.)......##.##.##.## #.#
#.z@#######.##.##.#
######.######..z# ####...#.##.#
#...##.#...##...##....>#......#
#.....>..#.(#.......##...#.####
#...#...###..................#
##...#....#..#..............#.#
........#.>.##.#.....###.####.###
##...#...................# #....
##.##...........#..)##### #####


You could see 2 wights.

Vanquished Creatures
  Grinder (D:4)
  Menkaure (D:5)
  A black bear (D:5)
  A necrophage (D:5)
  A sky beast (D:6)
  3 ogres
  2 phantoms
  Blork the orc (D:4)
  A scorpion (D:4)
  A wight (D:7)
  2 howler monkeys
  A centaur zombie (D:7)
  A centaur skeleton (D:5)
  2 orc priests (D:6)
  2 gnoll shamans (D:5)
  4 hounds
  2 iguanas
  3 orc wizards
  A scorpion zombie (D:5)
  A killer bee zombie (D:5)
  11 gnolls
  6 adders
  A shadow imp (D:5)
  A white imp (D:7)
  2 ufetubi (D:5)
  An adder zombie (D:5)
  An adder skeleton (D:5)
  2 worms
  4 dart slugs
  18 orcs
  7 ball pythons
  4 endoplasms
  4 giant cockroaches
  7 goblins
  10 hobgoblins
  5 jackals
  2 quokkas
  7 bats
  A frilled lizard (D:3)
  9 kobolds
  3 rats
138 creatures vanquished.

Vanquished Creatures (others)
  12 plants (D:1)
12 creatures vanquished.

Grand Total: 150 creatures vanquished

Notes
Turn   | Place    | Note
-------+----------+-------------------------------------------
     0 | D:5      | comborobin the Vampire Delver began the quest for the Orb.
     0 | D:5      | Reached XP level 1. HP: 17/17 MP: 1/1
   557 | D:5      | Reached XP level 2. HP: 18/23 MP: 2/2
   636 | D:5      | Gained mutation: You are afflicted with vampirism and can
                  | become a bat while bloodless. [Vampire growth]
   636 | D:5      | Reached XP level 3. HP: 25/29 MP: 3/3
   673 | D:5      | Reached XP level 4. HP: 31/35 MP: 4/4
   755 | D:5      | Reached skill level 8 in Stealth
   755 | D:5      | Reached XP level 5. HP: 38/41 MP: 5/5
   955 | D:5      | Noticed Menkaure
  1078 | D:5      | Identified the +8 mace of Defiance {drain, rC+ Str+6}
  1138 | D:5      | Reached XP level 6. HP: 47/47 MP: 6/6
  1219 | D:5      | Reached skill level 1 in Maces & Flails
  1619 | D:6      | Reached XP level 7. HP: 46/54 MP: 7/7
  1671 | D:5      | Reached skill level 9 in Stealth
  1994 | D:5      | Killed Menkaure
  2057 | D:6      | Found Wizi Wimn's Antique Weapon Emporium.
  2174 | D:6      | Found a runed translucent door.
  2181 | D:6      | Noticed dnasty's ghost (novice HOFi)
  2433 | D:6      | Reached XP level 8. HP: 61/61 MP: 8/8
  2759 | D:4      | Noticed Grinder
  3243 | D:4      | Paralysed by Grinder for 7 turns
  3252 | D:4      | Killed Grinder
  3410 | D:4      | Found a transporter.
  3619 | D:4      | Found a transporter.
  3661 | D:4      | Reached skill level 5 in Maces & Flails
  3711 | D:4      | Noticed Blork the orc
  3723 | D:4      | Killed Blork the orc
  3988 | D:4      | Found a one-way gate to the infinite horrors of the Abyss.
  3988 | D:4      | Noticed unlimited1921's ghost (novice DjFE)
  4013 | D:4      | Found a staircase to the Ecumenical Temple.
  4023 | Temple   | Entered the Ecumenical Temple
  4119 | Temple   | Became a worshipper of Cheibriados the Contemplative
  4373 | D:2      | Reached skill level 5 in Dodging
  4662 | D:2      | Found a snail-covered altar of Cheibriados.
  4756 | D:2      | Reached * piety under Cheibriados
  5464 | D:1      | Found a faded altar of an unknown god.
  5858 | D:3      | Reached ** piety under Cheibriados
  6756 | D:7      | Found a burning altar of Makhleb.
  6757 | D:7      | Found an iron altar of Okawaru.
  6757 | D:7      | Found a hazy altar of Hepliaklqana.
  6758 | D:7      | Found a sacrificial altar of Ru.
  6759 | D:7      | Found a broken altar of Ashenzari.
  6761 | D:7      | Found an ancient bone altar of Kikubaaqudgha.
  7023 | D:7      | Reached skill level 1 in Invocations
  7165 | D:7      | Reached XP level 9. HP: 63/67 MP: 9/9
  7301 | D:7      | Gained mutation: You are strong-willed. (Will+) [potion of
                  | mutation]
  7301 | D:7      | Gained mutation: You are occasionally teleported next to
                  | monsters. [potion of mutation]
  7301 | D:7      | Gained mutation: You are covered in fur. (AC +1) [potion of
                  | mutation]
  7303 | D:7      | Slain by a wight

Illustrated notes

Levels and vault maps discovered:
D:1:      roderic_crop_circles_arrival_small, layout_rooms,
          basic_ecumenical_altar
D:2:      layout_basic, basic_altar, st_stairs_1
D:3:      layout_loops_ring
D:4:      layout_basic, minmay_temple_entry_fiery,
          gammafunk_ghost_abyssal_escape, uniq_blork_the_orc, uniq_grinder
D:5:      layout_loops_ring, uniq_edmund, uniq_menkaure
D:6:      layout_rooms, ebering_ghost_sewer_d, minmay_shop_grid_forest,
          hangedman_decor_diamond_cutter
D:7:      layout_loops_ring, minitemple
Temple:   lightli_temple_of_artemis

Skill      XL: |  1  2  3  4  5  6  7  8 |
---------------+-------------------------+-----
Fighting       | 3 4 |  4.8
Short Blades   | 3 4 |  4.6
Dodging        | 3 4 5 |  5.4
Stealth        | 8 9 |  9.6
Maces & Flails | 2 3 6 |  6.5
Invocations    | 1 |  1.4

Action                   |  1- 3 |  4- 6 |  7- 9 || total
-------------------------+-------+-------+-------++-------
Melee: Dagger            |    30 |    74 |     1 ||   105
       Bite              |     3 |    11 |    24 ||    38
       Mace              |       |    24 |   228 ||   252
Throw: Dart              |       |       |    12 ||    12
Evoke: Wand              |       |       |     2 ||     2
  Use: Scroll            |     1 |       |     7 ||     8
       Potion            |       |     1 |     5 ||     6
 Stab: Sleeping          |       |     3 |    23 ||    26
       Distracted        |       |       |     3 ||     3
Armor: Leather armour    |     9 |    16 |    49 ||    74
Dodge: Dodged            |    51 |    80 |   186 ||   317
